 Dungeon Crawl Stone Soup version 0.31-a0-278-g485e682e34 (webtiles) character file.

Game seed: 16268576310939510684

563 AdnanSaban the Cudgeller (level 7, 0/44 HPs)
             Began as a Gargoyle Fighter on July 16, 2023.
             Splashed by a jelly's acid (11 damage)
             ... on level 5 of the Dungeon.
             The game lasted 00:04:20 (3365 turns).

AdnanSaban the Cudgeller (Gargoyle Fighter)         Turns: 3365, Time: 00:04:21

Health: 0/44       AC: -5    Str: 22    XL:     7   Next: 32%
Magic:  7/7        EV:  9    Int:  8    God:
Gold:   304        SH:  5    Dex: 15    Spells: 6/6 levels left

rFire   . . .        a - +0 flail
rCold   . . .        c - +0 buckler
rNeg    + . .        b - +0 scale mail
rPois   ∞            h - +0 helmet
rElec   +            s - +0 cloak
rCorr   .            (no gloves)
SInv    .            (no boots)
Will    .....        r - amulet of the acrobat Stlth
                     l - +4 ring of slaying
HPRegen 0.27/turn    t - +6 ring of dexterity
MPRegen 0.10/turn

%: acrobat
@: corroded
A: sickness immunity, AC +4, negative energy resistance 1, electricity
resistance, torment resistance 1, petrification resistance
a: no special abilities


You were on level 5 of the Dungeon.
You visited 1 branch of the dungeon, and saw 5 of its levels.

You collected 304 gold pieces.

Inventory:

Hand Weapons
 a - a +0 flail (weapon)
Missiles
 p - a throwing net
Armour
 b - a +0 scale mail (worn)
 c - a +0 buckler (worn)
 h - a +0 helmet (worn)
 s - a +0 cloak (worn)
Jewellery
 l - a +4 ring of slaying (left hand)
 r - an amulet of the acrobat (around neck)
 t - a +6 ring of dexterity (right hand)
Scrolls
 f - 2 scrolls of identify {unknown}
 g - 4 scrolls of teleportation {unknown}
 i - 2 scrolls of immolation {unknown}
 j - a scroll of brand weapon {unknown}
 n - 2 scrolls of noise {unknown}
 o - a scroll of enchant armour {unknown}
 q - a scroll of poison {unknown}
 u - a scroll of vulnerability {unknown}
 v - a scroll of blinking {unknown}
Potions
 d - a potion of might
 e - a potion of invisibility {unknown}
 k - a potion of lignification {unknown}
 m - 5 potions of curing {unknown}


   Skills:
 + Level 4.7 Fighting
 + Level 5.9 Maces & Flails
 + Level 4.7 Armour
 + Level 4.2 Shields


You had 6 spell levels left.
You didn't know any spells.
Your spell library contained the following spells:

 Spells                   Type           Power      Damage    Failure   Level
 Foxfire                  Conj/Fire      0%         2x1d4     80%         1
 Plasma Beam              Fire/Air       0%         2x1d10    100%        6
 Starburst                Conj/Fire      0%         6d3       100%        6


Dungeon Overview and Level Annotations

Branches:
Dungeon (5/15)
 Temple: D:4-7

Altars:
Fedhas
Gozag
Hepliaklqana
Sif Muna
Zin

Shops:
D:3 ?


Innate Abilities, Weirdness & Mutations

You are immune to sickness and miasma.
Your stone body is resilient. (AC +4)
You are immune to poison.
You resist negative energy. (rN+)
You are resistant to electric shocks. (rElec)
You are resistant to unholy torment.
You are immune to petrification.


Message History

You hit the jelly.
Your hands burn!
The jelly is lightly wounded.
The jelly hits you but does no damage.
You hit the jelly but do no damage. The acid corrodes you!
Your hands burn!
The jelly is lightly wounded.
The jelly closely misses you.
You hit the jelly. The acid corrodes you!
Your hands burn!
The jelly is moderately wounded.
The jelly hits you. The acid corrodes you!
You are splashed with acid!
You are too injured to fight recklessly!
You are too injured to fight recklessly!
You are too injured to fight recklessly!
You are too injured to fight recklessly!
You are too injured to fight recklessly!
You are too injured to fight recklessly!
You are too injured to fight recklessly!
You are too injured to fight recklessly!
You are too injured to fight recklessly!
You are too injured to fight recklessly!
You are too injured to fight recklessly!
You are too injured to fight recklessly!
You are too injured to fight recklessly!
You are too injured to fight recklessly!
You are too injured to fight recklessly!
You are too injured to fight recklessly!
You are too injured to fight recklessly!
You are too injured to fight recklessly!
You hit the jelly but do no damage.
Your hands burn!
The jelly is moderately wounded.
The jelly barely misses you.
You sock the jelly! The acid corrodes you!
Your hands burn!
The jelly is severely wounded.
The jelly closely misses you.
You hit the jelly.
Your hands burn!
* * * LOW HITPOINT WARNING * * *
The jelly is severely wounded.
The jelly hits you.
* * * LOW HITPOINT WARNING * * *
The acid corrodes you!
You are splashed with acid!
You die...

##################
.#.#.#.#.#.#.#.#@#
#.#.#.#.#.#.#.#.#J#
.###.###.###.###.##
#.#.#.#.#.#.#.# #.#
.#.#.#.# #.# #.#
#.# ######## ### ##
## # # #


You could see a jelly.

Vanquished Creatures
  Sigmund (D:2)
  A scorpion (D:5)
  A hound (D:4)
  An iguana (D:5)
  Natasha (D:4)
  4 orc wizards
  3 adders
  An ufetubus (D:3)
  2 worms (D:2)
  3 dart slugs
  11 orcs
  7 bats
  5 endoplasms
  2 giant cockroaches
  7 goblins
  10 hobgoblins
  6 jackals
  4 quokkas
  3 ball pythons
  3 frilled lizards
  7 kobolds
  8 rats
91 creatures vanquished.

Vanquished Creatures (others)
  An orc wizard (D:5)
1 creature vanquished.

Grand Total: 92 creatures vanquished

Notes
Turn   | Place    | Note
-------+----------+-------------------------------------------
     0 | D:1      | AdnanSaban the Gargoyle Fighter began the quest for the
                  | Orb.
     0 | D:1      | Reached XP level 1. HP: 14/14 MP: 1/1
   195 | D:1      | Reached XP level 2. HP: 10/19 MP: 2/2
   289 | D:1      | Found a faded altar of an unknown god.
   496 | D:1      | Reached XP level 3. HP: 21/24 MP: 3/3
  1278 | D:2      | Noticed Sigmund
  1298 | D:1      | Reached skill level 3 in Maces & Flails
  1298 | D:1      | Reached XP level 4. HP: 28/29 MP: 4/4
  1314 | D:2      | Killed Sigmund
  1315 | D:2      | Reached skill level 4 in Maces & Flails
  1315 | D:2      | Reached XP level 5. HP: 33/33 MP: 5/5
  1326 | D:2      | Reached XP level 6. HP: 28/38 MP: 6/6
  1942 | D:3      | Found Luirphim's Magic Scroll Emporium.
  1952 | D:3      | Found a glowing silver altar of Zin.
  1954 | D:3      | Found a shimmering blue altar of Sif Muna.
  1954 | D:3      | Found a hazy altar of Hepliaklqana.
  1954 | D:3      | Found an opulent altar of Gozag.
  2368 | D:4      | Reached skill level 5 in Maces & Flails
  2930 | D:4      | Noticed Natasha
  2940 | D:4      | Killed Natasha
  3131 | D:5      | Entered Level 5 of the Dungeon
  3133 | D:5      | Found a blossoming altar of Fedhas.
  3141 | D:5      | Reached XP level 7. HP: 44/44 MP: 7/7
  3365 | D:5      | Splashed by a jelly's acid

Illustrated notes

Levels and vault maps discovered:
D:1:      dpeg_arrival_chambers_temple_mockup, layout_basic,
          hellmonk_ecumenical_altar_zigzags
D:2:      layout_rooms, uniq_sigmund
D:3:      layout_loops_ring, grunt_temple_overflow_open, serial_shops,
          nicolae_shop_real_fake_doors
D:4:      layout_cave_pods, hangedman_decor_lopped, uniq_natasha
D:5:      layout_rooms, mainiacjoe_overflow_six_doors_small,
          mainiacjoe_overflow_concentric_impassable, minmay_temple_entry_mist,
          serial_shops, nicolae_stop_n_shop_2, roderic_roman_lattice

Skill      XL: |  1  2  3  4  5  6 |
---------------+-------------------+-----
Maces & Flails | 3 4 5 |  5.9
Fighting       | 4 |  4.7
Armour         | 4 |  4.7
Shields        | 4 |  4.2

Action                     |  1- 3 |  4- 6 |  7- 9 || total
---------------------------+-------+-------+-------++-------
  Melee: Flail             |   100 |    89 |    32 ||   221
 Armour: Scale mail        |    95 |    44 |    16 ||   155
  Dodge: Dodged            |    69 |    46 |    16 ||   131
  Block: Buckler           |    34 |    23 |     5 ||    62

Table legend: (Time is in decaauts)
 A = Elapsed time spent in this place.
 B = Non-inter-level travel time spent in this place.
 C = Inter-level travel time spent in this place.
 D = Time resting spent in this place.
 E = Time spent auto-exploring this place.
 F = Levels seen in this place.
 G = Mean time per level.
                   A        B        C        D        E       F      G
               +--------+--------+--------+--------+--------+-----+--------+
         Total |   3420 |   3273 |    147 |     65 |   2575 |   5 |  684.0 |
       Dungeon |   3420 |   3273 |    147 |     65 |   2575 |   5 |  684.0 |
               +--------+--------+--------+--------+--------+-----+--------+

Top non-repeatable levels by time:
     D:1: 1258 daAuts
     D:4: 817 daAuts
     D:3: 682 daAuts
     D:2: 422 daAuts
     D:5: 238 daAuts
